 Dungeon Crawl Stone Soup version 0.29.1-2-gbd0b4ee654 (webtiles) character file.

Game seed: 15914320205484989056

64 Descartes the Ducker (level 3, 0/15 HPs)
             Began as a Felid Transmuter on Nov 13, 2022.
             Slain by a gnoll
             ... wielding a +0 spear
              (3 damage)
             ... on level 2 of the Dungeon.
             The game lasted 00:02:31 (1954 turns).

Descartes the Ducker (Felid Transmuter)             Turns: 1954, Time: 00:02:32

Health: 0/15       AC:  1    Str:  8    XL:     3   Next: 91%
Magic:  7/7        EV: 18    Int: 14    God:
Gold:   81         SH:  0    Dex: 16    Spells: 5/6 levels left
                                        Lives:  0   Deaths: 0

rFire   . . .      SeeInvis +     - Unarmed
rCold   . . .      Faith    .   (shield unavailable)
rNeg    . . .      Spirit   .   (body armour unavailable)
rPois   .          Reflect  .   (helmet unavailable)
rElec   .          Harm     .   (cloak unavailable)
rCorr   .          Rampage  .   (gloves unavailable)
Will    .....                   (boots unavailable)
Stlth   ++........              (no amulet)
HPRegen 0.05/turn               (no ring)
MPRegen 0.10/turn               (no ring)

@: lethally poisoned (0 -> -4), quick
A: very small, claws 1, fangs 3, see invisible, speed 1, shaggy fur 1, stealthy
paws, no weapons or thrown items, no armour, multi-lived
a: no special abilities


You were on level 2 of the Dungeon.
You visited 1 branch of the dungeon, and saw 2 of its levels.

You collected 81 gold pieces.

Inventory:

Scrolls
 c - 3 scrolls of vulnerability {unknown}
 d - a scroll of fear {unknown}
 e - 2 scrolls of identify {unknown}
Potions
 a - a potion of lignification
 b - a potion of attraction {unknown}
 f - 3 potions of curing {unknown}
 g - a potion of heal wounds {unknown}
 h - a potion of brilliance {unknown}
 i - a potion of mutation {unknown}


   Skills:
 - Level 1.0 Fighting
 + Level 3.6 Dodging
 + Level 2.4 Stealth
 + Level 3.6 Unarmed Combat
 - Level 2.0 Spellcasting
 + Level 2.8 Transmutations


You had 5 spell levels left.
You knew the following spells:

 Your Spells              Type           Power      Damage    Failure   Level
a - Beastly Appendage     Tmut           18%        N/A       8%          1

Your spell library contained the following spells:

 Spells                   Type           Power      Damage    Failure   Level
 Wereblood                Tmut           9%         N/A       12%         2
 Spider Form              Tmut/Pois      5%         N/A       38%         3
 Ice Form                 Ice/Tmut       5%         N/A       80%         4


Dungeon Overview and Level Annotations

Branches:
Dungeon (2/15)

Altars:


Innate Abilities, Weirdness & Mutations

You have sharp claws.
You have razor-sharp teeth.
You have supernaturally acute eyesight. (SInv)
You cover ground quickly. (Speed+)
You are covered in fur. (AC +1)
Your paws help you pounce on unaware monsters.
You are incapable of wielding weapons or throwing items.
You cannot wear armour.
You gain extra lives every three experience levels.


Message History

No target in view!
No target in view!
No target in view!
An adder comes into view.
The adder moves out of view.
The adder hisses angrily.
The gnoll shouts!
You scratch the gnoll.
The gnoll is lightly wounded.
The adder bites you. The gnoll misses you.
You scratch the gnoll but do no damage.
The gnoll is lightly wounded.
The adder completely misses you. The gnoll barely misses you.
The adder barely misses you.
You scratch the gnoll.
The gnoll is moderately wounded.
The gnoll barely misses you. The adder completely misses you.
You scratch the gnoll.
The gnoll is severely wounded.
The gnoll misses you. The adder misses you.
You barely miss the gnoll.
The gnoll is severely wounded.
The adder bites you.
You are poisoned.
The adder poisons you! The gnoll barely misses you.
You completely miss the gnoll.
The gnoll is severely wounded.
You feel sick. The adder completely misses you.
The gnoll hits you with a +0 spear.
* * * LOW HITPOINT WARNING * * *
The adder barely misses you.
You are too injured to fight recklessly!
You are too injured to fight recklessly!
You are too injured to fight recklessly!
You are too injured to fight recklessly!
You are too injured to fight recklessly!
You are too injured to fight recklessly!
You are too injured to fight recklessly!
You are too injured to fight recklessly!
The gnoll hits you from afar with a +0 spear.
You die...

##.# #.###......
####..####.#........
#..>....##.#........
#.#.....##.+........
#.......'.##........
#####.......#.##........
.........g....#.##........
..........S...#.##........
.........@#####.##........
..........# #..'........
##'#####..## ####........
#........†## #........
#.####.....# #........
#.....### #####....
#.......### ##.##
#....##...# #.##
#....####.# #.#.


You could see a gnoll and an adder.

Vanquished Creatures
  3 gnolls
  2 dart slugs
  4 ball pythons (D:1)
  3 bats
  3 endoplasms
  2 goblins
  4 hobgoblins
  A quokka (D:2)
  4 frilled lizards
  4 kobolds
  2 rats (D:1)
32 creatures vanquished.

Notes
Turn   | Place    | Note
-------+----------+-------------------------------------------
     0 | D:1      | Descartes the Felid Transmuter began the quest for the Orb.
     0 | D:1      | Reached XP level 1. HP: 9/9 MP: 4/4
   285 | D:1      | Reached skill level 1 in Stealth
   428 | D:1      | Reached XP level 2. HP: 5/12 MP: 6/6
  1369 | D:2      | Reached XP level 3. HP: 15/15 MP: 7/7
  1515 | D:2      | Found a faded altar of an unknown god.
  1954 | D:2      | Slain by a gnoll

Illustrated notes

Levels and vault maps discovered:
D:1:      minmay_arrival_radiant_lines, layout_rooms
D:2:      layout_basic, shapermc_ecumenical_altar_mp_vishouse, moated_statue,
          hangedman_decor_peaks_small

Skill      XL: |  1  2  3 |
---------------+----------+-----
Dodging        | 3 |  3.6
Stealth        | 1 2 |  2.4
Fighting       | |  1.0
Unarmed Combat | |  3.6
Spellcasting   | |  2.0
Transmutations | |  2.8

Action                   || total
-------------------------++-------
Melee: Unarmed           ||    95
       Punch             ||     6
       Bite              ||     8
 Stab: Sleeping          ||     7
Armor: Skin              ||     9
Dodge: Dodged            ||    84
